 Dungeon Crawl Stone Soup version 0.31-a0-931-g7b59d4eb97 (webtiles) character file.

Game seed: 7431185296478004878

1526 p00ps00p the Chopper (level 8, 0/69 (73) HPs)
             Began as a Hill Orc Fighter on Oct 19, 2023.
             Slain by Jeremiah
             ... wielding a +3 trident of draining
              (9 damage)
             ... on level 7 of the Dungeon.
             The game lasted 00:09:03 (6179 turns).

p00ps00p the Chopper (Hill Orc Fighter)             Turns: 6179, Time: 00:09:03

HP:   0/69 (73)     AC: 11    Str: 21    XL:     8   Next: 85%
MP:   8/8           EV:  8    Int:  8    God:
Gold: 398           SH:  5    Dex: 10    Spells: 7/7 levels left

rFire   . . .        a - +0 war axe (flame)
rCold   . . .        c - +0 buckler
rNeg    . . .        e - +0 chain mail
rPois   +            (no helmet)
rElec   .            k - +0 cloak
rCorr   .            (no gloves)
SInv    .            (no boots)
Will    .....        (no amulet) Stlth
                     g - ring of poison resistance
HPRegen 0.31/turn    (no ring)
MPRegen 0.11/turn

%: no passive effects
@: about to teleport, hasted, drained, very quick
A: no striking features
a: no special abilities


You were on level 7 of the Dungeon.
You visited 2 branches of the dungeon, and saw 8 of its levels.

You collected 398 gold pieces.

Inventory:

Hand Weapons
 a - a +0 war axe of flaming (weapon)
Missiles
 r - a throwing net
Armour
 b - a +0 scale mail
 c - a +0 buckler (worn)
 e - a +0 chain mail (worn)
 k - a +0 cloak (worn)
Jewellery
 g - a ring of poison resistance (left hand)
 s - an amulet of regeneration
Wands
 m - a wand of charming (18)
 y - a wand of iceblast (2)
Scrolls
 f - a scroll of immolation
 q - 2 scrolls of amnesia
 t - a scroll of enchant weapon {unknown}
 u - a scroll of fog {unknown}
 w - a scroll of torment
 x - a scroll of identify
 z - a scroll of blinking {unknown}
Potions
 d - 4 potions of degeneration
 h - 3 potions of curing
 i - a potion of ambrosia
 j - 2 potions of attraction
 n - a potion of magic {unknown}
 p - a potion of invisibility {unknown}
 v - 2 potions of cancellation {unknown}


   Skills:
 + Level 7.3 Fighting
 + Level 7.5 Axes
 + Level 6.7 Armour
 + Level 6.7 Shields


You had 7 spell levels left.
You didn't know any spells.
Your spell library contained the following spells:

 Spells                   Type           Power      Damage    Failure   Level
 Passwall                 Tmut/Erth      0%         N/A       99%         2
 Poisonous Vapours        Pois/Air       0%         N/A       99%         2
 Mephitic Cloud           Conj/Pois/Air  0%         N/A       100%        3
 Freezing Cloud           Conj/Ice/Air   0%         6-21      100%        5
 Irradiate                Conj/Tmut      0%         3d11      100%        5


Dungeon Overview and Level Annotations

Branches:
Dungeon (7/15)             Temple (1/1) D:5

Altars:
Ashenzari
Cheibriados
Dithmenos
Fedhas
Hepliaklqana
Kikubaaqudgha
Makhleb
Nemelex Xobeh
Qazlal
Ru
Sif Muna
Trog
Uskayaw
Vehumet
Wu Jian
Xom
The Shining One
Beogh

Shops:
D:1 :

Portals:
Abyss: D:6

Annotations:
D:3 3 runed translucent doors, Fodor's ghost, amateur MiFi
D:6 2 transporters, MachoJfn's ghost, novice TrEE
D:7 Jeremiah


Message History

Jeremiah is severely wounded.
You hit the howler monkey but do no damage.
The butterfly disappears in a burst of colours!
The centaur shoots an arrow.
The arrow hits you!
* * * LOW HITPOINT WARNING * * *
The arrow freezes you.
* * * LOW HITPOINT WARNING * * *
Jeremiah hits you but does no damage.
You feel drained. The howler monkey barely misses you.
The centaur shoots an arrow.
You block the arrow.
You closely miss Jeremiah.
Jeremiah is severely wounded.
You slash the butterfly! You burn the butterfly.
You kill the butterfly!
The butterfly disappears in a burst of colours!
You slash the howler monkey! You burn the howler monkey.
You closely miss the butterfly.
Jeremiah hits you with a +3 trident of draining.
* * * LOW HITPOINT WARNING * * *
You feel drained.
* * * LOW HITPOINT WARNING * * *
You block the howler monkey's attack.
You barely miss Jeremiah.
Jeremiah is severely wounded.
You slash the howler monkey! You burn the howler monkey.
You kill the howler monkey!
You hit the butterfly. You burn the butterfly.
You kill the butterfly!
The butterfly disappears in a burst of colours!
You miss the butterfly.
Jeremiah shouts, "O dreadful one, destroy my foe!"
Something smites you!
* * * LOW HITPOINT WARNING * * *
You feel better.
As you read the scroll of teleportation, it crumbles to dust.
You feel strangely unstable.
The butterfly disappears in a burst of colours!
Jeremiah hits you with a +3 trident of draining!
You die...
Jeremiah says, "O terrible one, your will is done."

#.# #.# #.#
#.#####<###.###.
#...............
######.####..###
#.###b.....
#.#.....># #
#.###.#.b### ..#
#..cbb@b# #.#
#...bFb†.$..# #.
#...b##.##..# .
#.#b#.# .# .# #
#.#.#.# .[
....... b..
###..########
#..


You could see Jeremiah and a centaur.

Vanquished Creatures
  An ice beast (D:6)
  An orc warrior (D:6)
  An ogre (D:5)
  A phantom (D:4)
  2 bullfrogs (D:6)
  5 scorpions
  4 howler monkeys
  A jelly (D:4)
  2 orc priests
  A gnoll bouda (D:5)
  A hound (D:5)
  3 sleepcaps
  An iguana (D:6)
  7 gnolls
  12 adders
  A shadow imp (D:6)
  4 worms
  6 dart slugs
  22 orcs
  7 ball pythons
  7 endoplasms
  3 giant cockroaches
  4 goblins
  11 hobgoblins
  10 jackals (D:2)
  2 quokkas
  4 bats
  4 frilled lizards
  8 kobolds
  5 rats
141 creatures vanquished.

Vanquished Creatures (collateral kills)
  A gnoll (D:3)
1 creature vanquished.

Vanquished Creatures (others)
  A gnoll (D:3)
1 creature vanquished.

Grand Total: 143 creatures vanquished

Notes
Turn   | Place    | Note
-------+----------+-------------------------------------------
     0 | D:1      | p00ps00p the Hill Orc Fighter began the quest for the Orb.
     0 | D:1      | Reached XP level 1. HP: 19/19 MP: 1/1
   137 | D:1      | Reached XP level 2. HP: 9/27 MP: 2/2
   506 | D:1      | Reached XP level 3. HP: 33/33 MP: 3/3
   607 | D:1      | Found Humin's Book Shop.
   912 | D:2      | Reached XP level 4. HP: 32/40 MP: 4/4
  1563 | D:3      | Found a snail-covered altar of Cheibriados.
  1787 | D:3      | Reached XP level 5. HP: 9/47 MP: 5/5
  1937 | D:3      | Found a runed translucent gate.
  1937 | D:3      | Noticed Fodor's ghost (amateur MiFi)
  1958 | D:3      | HP: 1/47 [gnoll/+0 halberd (3)]
  2878 | D:3      | Found a runed translucent gate.
  2878 | D:3      | Identified the +7 sling of the Old World {drain, rF+}
  2878 | D:3      | Identified the +2 leather armour "Vuviju" {rElec rC- Dex+5}
  2879 | D:3      | Found a runed translucent gate.
  3019 | D:3      | Found a roughly hewn altar of Beogh.
  3108 | D:4      | Identified the "Wahunaisk"
  3241 | D:4      | Noticed a phantom
  3260 | D:4      | Reached skill level 5 in Fighting
  3260 | D:4      | Reached XP level 6. HP: 48/56 MP: 6/6
  3727 | D:4      | Reached skill level 5 in Axes
  3989 | D:5      | Entered Level 5 of the Dungeon
  4019 | D:5      | Reached skill level 5 in Armour
  4026 | D:5      | Reached skill level 5 in Shields
  4026 | D:5      | Reached XP level 7. HP: 61/61 MP: 7/7
  4186 | D:5      | Found a shimmering blue altar of Sif Muna.
  4186 | D:5      | Found an ornate altar of the Wu Jian Council.
  4895 | D:5      | Reached XP level 8. HP: 70/70 MP: 8/8
  5083 | D:5      | Found a staircase to the Ecumenical Temple.
  5327 | Temple   | Entered the Ecumenical Temple
  5543 | D:6      | Found a transporter.
  5553 | D:6      | Found a transporter.
  5570 | D:6      | Found a one-way gate to the infinite horrors of the Abyss.
  5570 | D:6      | Noticed MachoJfn's ghost (novice TrEE)
  5571 | D:6      | Noticed a worldbinder
  5572 | D:6      | Noticed a brown ugly thing
  5845 | D:6      | Noticed a toenail golem
  6157 | D:7      | Noticed Jeremiah
  6177 | D:7      | HP: 3/68 [Jeremiah/divine providence (7)]
  6179 | D:7      | Slain by Jeremiah

Illustrated notes

Levels and vault maps discovered:
D:1:      dpeg_arrival_pits, layout_basic, serial_shops,
          nicolae_shop_hallway_stairs
D:2:      layout_rooms
D:3:      layout_basic, old_standard_altar, biasface_ghost_orc_armoury
D:4:      layout_basic, kennysheep_nondescript
D:5:      minmay_spotlight, layout_loops_ring, gammafunk_temple_overflow_wave,
          temple_hall
D:6:      layout_basic, gammafunk_ghost_abyssal_escape
D:7:      layout_loops_ring, chequers_temple_overflow_statue_of_worship,
          kennysheep_generic_room_4, uniq_jeremiah
Temple:   dpeg_chambers_temple

Skill      XL: |  1  2  3  4  5  6  7  8 |
---------------+-------------------------+-----
Axes           | 3 4 5 6 7 |  7.5
Fighting       | 4 5 6 7 |  7.3
Shields        | 4 5 6 |  6.7
Armour         | 4 5 6 |  6.7

Action                     |  1- 3 |  4- 6 |  7- 9 || total
---------------------------+-------+-------+-------++-------
  Melee: War axe           |    87 |   124 |   175 ||   386
  Evoke: Wand              |       |     2 |     1 ||     3
    Use: Scroll            |     4 |     8 |     3 ||    15
         Potion            |       |     3 |     3 ||     6
 Armour: Skin              |    28 |       |       ||    28
         Scale mail        |     5 |       |       ||     5
         Chain mail        |    20 |   134 |   124 ||   278
  Dodge: Dodged            |    48 |    60 |    70 ||   178
  Block: Buckler           |    18 |    26 |    37 ||    81

Table legend: (Time is in decaauts)
 A = Elapsed time spent in this place.
 B = Non-inter-level travel time spent in this place.
 C = Inter-level travel time spent in this place.
 D = Time resting spent in this place.
 E = Time spent auto-exploring this place.
 F = Levels seen in this place.
 G = Mean time per level.
                   A        B        C        D        E       F      G
               +--------+--------+--------+--------+--------+-----+--------+
         Total |   6279 |   5969 |    310 |   1364 |   3542 |   8 |  784.9 |
       Dungeon |   6221 |   5911 |    310 |   1364 |   3542 |   7 |  888.7 |
        Temple |     57 |     57 |      0 |      0 |      0 |   1 |   57.0 |
               +--------+--------+--------+--------+--------+-----+--------+

Top non-repeatable levels by time:
     D:3: 1663 daAuts
     D:5: 1389 daAuts
     D:4: 897 daAuts
     D:2: 753 daAuts
     D:6: 746 daAuts
     D:1: 740 daAuts
  Temple: 57 daAuts
     D:7: 30 daAuts
